 Dungeon Crawl Stone Soup version 0.29.1-1-gd02db6906a (webtiles) character file.

Game seed: 1911664229629748385

109 Demigod47 the Covered (level 4, 0/40 HPs)
             Began as a Minotaur Fighter on Oct 13, 2022.
             Slain by a gnoll
             ... wielding a +0 spear
             ... led by a gnoll sergeant
              (1 damage)
             ... on level 4 of the Dungeon.
             The game lasted 00:02:45 (2899 turns).

Demigod47 the Covered (Minotaur Fighter)            Turns: 2899, Time: 00:02:46

Health: 0/40       AC:  7    Str: 22    XL:     4   Next: 60%
Magic:  3/3        EV:  9    Int:  5    God:
Gold:   213        SH:  4    Dex: 10    Spells: 3/3 levels left

rFire   . . .      SeeInvis .   a - +0 flail
rCold   . . .      Faith    .   c - +0 buckler
rNeg    . . .      Spirit   .   b - +0 scale mail
rPois   .          Reflect  .   (helmet restricted)
rElec   .          Harm     .   (no cloak)
rCorr   .          Rampage  .   (no gloves)
Will    .....                   (no boots)
Stlth   ..........              (no amulet)
HPRegen 0.13/turn               (no ring)
MPRegen 0.08/turn               (no ring)

@: mighty
A: horns 2, retaliatory headbutt
a: no special abilities


You were on level 4 of the Dungeon.
You visited 1 branch of the dungeon, and saw 4 of its levels.

You collected 213 gold pieces.

Inventory:

Hand Weapons
 a - a +0 flail (weapon)
Missiles
 h - 3 javelins (quivered)
Armour
 b - a +0 scale mail (worn)
 c - a +0 buckler (worn)
Jewellery
 s - an amulet of magic regeneration
Scrolls
 i - a scroll of fog {unknown}
 j - a scroll of silence {unknown}
 l - 2 scrolls of blinking {unknown}
 m - 2 scrolls of amnesia {unknown}
 o - 2 scrolls of identify {unknown}
 p - a scroll of enchant armour {unknown}
 r - a scroll of teleportation {unknown}
 t - a scroll of enchant weapon {unknown}
Potions
 d - a potion of might
 e - 3 potions of curing {unknown}
 f - 2 potions of attraction {unknown}
 g - 3 potions of heal wounds {unknown}
 k - a potion of ambrosia {unknown}
 n - 2 potions of invisibility {unknown}
 q - a potion of degeneration {unknown}


   Skills:
 + Level 4.2 Fighting
 + Level 3.8 Maces & Flails
 + Level 4.8 Armour
 + Level 0.8 Dodging
 + Level 0.1 Stealth
 + Level 4.0 Shields


You had 3 spell levels left.
You didn't know any spells.
Your spell library contained the following spells:

 Spells                   Type           Power      Damage    Failure   Level
 Ozocubu's Armour         Ice            0%         N/A       99%         3
 Ozocubu's Refrigeration  Ice            0%         4d7       100%        7


Dungeon Overview and Level Annotations

Branches:
Dungeon (4/15)
 Temple: D:4-7

Altars:
Kikubaaqudgha
Qazlal


Innate Abilities, Weirdness & Mutations

You have a pair of horns on your head.
You reflexively headbutt those who attack you in melee.


Message History

A ball python comes into view.
A ball python is nearby!
You thump the ball python!
You kill the ball python!
You see here a ball python corpse.
A giant cockroach comes into view.
The giant cockroach barely misses you.
You barely miss the giant cockroach.
The giant cockroach bites you but does no damage. x2
You barely miss the giant cockroach. You block the giant cockroach's attack.
You closely miss the giant cockroach. The giant cockroach closely misses you.
The giant cockroach bites you but does no damage.
You hit the giant cockroach.
The giant cockroach is heavily wounded.
The giant cockroach barely misses you.
You thump the giant cockroach!
You kill the giant cockroach!
t - a scroll labelled COMESM VEKK You open the door.
A gnoll sergeant and 5 gnolls come into view.
The gnoll shouts! x5
Found 25 gold pieces.
You closely miss the gnoll. The gnoll barely misses you.
The gnoll hits you but does no damage.
The gnoll hits you from afar with a +0 halberd.
The gnoll completely misses you. The gnoll barely misses you.
The gnoll sergeant completely misses you.
You closely miss the gnoll. Your headbutt misses the gnoll.
The gnoll sergeant hits you from afar with a +0 spear.
The gnoll hits you from afar with a +0 halberd!
The gnoll hits you with a +0 whip!
* * * LOW HITPOINT WARNING * * *
The gnoll hits you from afar with a +0 spear.
* * * LOW HITPOINT WARNING * * *
You feel very mighty all of a sudden. The gnoll hits you but does no damage.
The gnoll sergeant hits you from afar with a +0 spear!
* * * LOW HITPOINT WARNING * * *
The gnoll hits you from afar with a +0 spear.
You die...

##### ≈≈#.# #≈#.## ###
##≈#..# # #..g#≈≈##.#
## #$ggg@..#.## ##.
#$gg#≈≈.#..# ##..
######≈....########..#
#≈≈≈##≈.............##
≈≈≈≈≈≈≈.......####...#
###.........### ##...
##.........# ##..
##........# ##...
####........## ##....


You could see a gnoll sergeant and 5 gnolls.

Vanquished Creatures
  A hound (D:4)
  2 adders
  A worm (D:3)
  3 dart slugs
  An orc (D:4)
  9 ball pythons
  5 bats
  6 endoplasms
  2 giant cockroaches
  2 goblins
  7 hobgoblins
  3 kobolds
  3 quokkas
  3 frilled lizards
  A rat (D:2)
49 creatures vanquished.

Notes
Turn   | Place    | Note
-------+----------+-------------------------------------------
     0 | D:1      | Demigod47 the Minotaur Fighter began the quest for the Orb.
     0 | D:1      | Reached XP level 1. HP: 19/19 MP: 0/0
   155 | D:1      | Reached XP level 2. HP: 27/27 MP: 1/1
   220 | D:1      | Found a faded altar of an unknown god.
  1122 | D:2      | Reached XP level 3. HP: 33/33 MP: 2/2
  1864 | D:3      | Found a stormy altar of Qazlal.
  2349 | D:3      | Found an ancient bone altar of Kikubaaqudgha.
  2679 | D:4      | Reached XP level 4. HP: 37/40 MP: 3/3
  2896 | D:4      | Noticed a gnoll sergeant
  2899 | D:4      | HP: 1/40 [gnoll sergeant/+0 spear (9)]
  2899 | D:4      | Slain by a gnoll

Illustrated notes

Levels and vault maps discovered:
D:1:      giann_bridges, layout_loops_ring,
          hellmonk_ecumenical_altar_leap_of_faith
D:2:      layout_basic
D:3:      layout_loops_ring, mainiacjoe_overflow_alcove_1,
          nicolae_qazlal_general_emergency
D:4:      layout_cave_pods, lightli_minifort

Skill      XL: |  1  2  3 |
---------------+----------+-----
Fighting       | 4 |  4.2
Maces & Flails | 3 |  3.8
Armour         | 4 |  4.8
Shields        | 4 |  4.0
Dodging        | |  0.8
Stealth        | |  0.1

Action                   |  1- 3 |  4- 6 || total
-------------------------+-------+-------++-------
Melee: Flail             |   105 |    21 ||   126
       Headbutt          |    12 |       ||    12
  Use: Potion            |       |     1 ||     1
Armor: Scale mail        |    62 |     9 ||    71
Dodge: Dodged            |    61 |    13 ||    74
Block: Buckler           |    28 |     6 ||    34
